 Dungeon Crawl Stone Soup version 0.28-a0-1199-gef9e1dbd39 (webtiles) character file.

Game seed: 6638248648340510400

121 sanka the Slasher (level 4, -1/37 HPs)
             Began as a Palentonga Fighter on Dec 19, 2021.
             Succumbed to a kobold's poison
             ... on level 2 of the Dungeon.
             The game lasted 00:02:24 (2349 turns).

sanka the Slasher (Palentonga Fighter)              Turns: 2349, Time: 00:02:24

Health: -1/37      AC:  7    Str: 21    XL:     4   Next: 76%
Magic:  4/4        EV:  7    Int:  9    God:
Gold:   54         SH:  4    Dex:  9    Spells: 3/3 levels left

rFire   . . .      SeeInvis +   a - +0 long sword
rCold   . . .      Faith    .   c - +0 buckler
rNeg    . . .      Spirit   .   b - +0 scale mail
rPois   .          Reflect  .   h - +0 helmet
rElec   .          Harm     .   (no cloak)
rCorr   .          Rampage  .   (no gloves)
Will    .....                   (no barding)
Stlth   ..........              (no amulet)
HPRegen 0.12/turn               (no ring)
MPRegen 0.09/turn               (no ring)

@: lethally poisoned (-1 -> -5)
A: large, rugged brown scales 3, see invisible, deformed body, roll 1, armoured
tail
a: Rolling Charge


You were on level 2 of the Dungeon.
You visited 1 branch of the dungeon, and saw 3 of its levels.

You collected 54 gold pieces.


Innate Abilities, Weirdness & Mutations

You are completely covered in rugged brown scales. (AC +3, +7% HP)
You have supernaturally acute eyesight. (SInv)
Armour fits poorly on your strangely shaped body.
You can roll at nearby foes to attack.
You have a long armoured tail.


   Skills:
 - Level 3.0 Fighting
 + Level 5.0 Long Blades
 - Level 2.4 Armour
 - Level 2.4 Shields


You had 3 spell levels left.
You didn't know any spells.
Your spell library was empty.

Inventory:

Hand Weapons
 a - a +0 long sword (weapon)
Armour
 b - a +0 scale mail (worn)
 c - a +0 buckler (worn)
 h - a +0 helmet (worn)
Scrolls
 e - 2 scrolls of noise {unknown}
 f - a scroll of fear {unknown}
 g - a scroll of identify {unknown}
Potions
 d - a potion of might

Dungeon Overview and Level Annotations

Branches:
Dungeon (3/15)

Altars:

▒.▒.▒▒▒▒▒▒▒▒.▒ ▒.▒.▒ ▒.▒
▒.▒.▒ ▒.▒ ▒.▒.▒ ▒▒▒▒▒▒.▒
▒.▒.▒ ▒......▒
▒▒▒▒▒▒▒▒▒▒ ▒▒▒▒.▒.▒
▒.▒▒▒▒▒▒ .........▒
▒....▒.▒ ▒.▒
.▒▒▒▒▒▒▒.▒▒▒▒.▒▒▒▒.▒ ▒.▒
▒...▒▒▒▒.......[H..▒ ▒.▒
..............▒▒▒▒▒▒ ▒.▒
▒...▒▒▒▒▒▒▒▒..▒▒▒▒▒▒▒▒.▒
▒▒▒▒▒ ▒........▒▒.▒
▒▒.▒▒▒▒▒.▒▒.▒ ▒.▒ ▒.▒▒.▒
▒▒.▒ ▒.▒▒.▒ ▒>.▒ ▒.▒▒.▒▒
▒.▒▒ ▒.▒...▒▒


There were no monsters in sight!


Message History

* * * LOW HITPOINT WARNING * * *
The quokka barely misses you.
Your Long Blades skill increases to level 5!
Unknown command.
You feel sick.
You are no longer poisoned.
Things that are here:
an adder corpse; a bat corpse The kobold throws a poisoned dart.
The poisoned dart completely misses you.
The kobold throws a poisoned dart.
The poisoned dart barely misses you.
The kobold throws a poisoned dart.
The poisoned dart closely misses you.
The kobold throws a poisoned dart.
You block the poisoned dart.
The kobold throws a poisoned dart.
The poisoned dart hits you!
You are lethally poisoned!
Okay, then.
* * * LOW HITPOINT WARNING * * *
You feel sick.
Items here: )) ÷ ††.
* * * LOW HITPOINT WARNING * * *
You feel sick.
There is a stone staircase leading up here.
* * * LOW HITPOINT WARNING * * *
You feel sick.
You climb upwards.
You die...

Action                   |  1- 3 |  4- 6 || total
-------------------------+-------+-------++-------
Melee: Long sword        |    87 |    57 ||   144
       Tailslap          |     8 |     6 ||    14
 Abil: Rolling Charge    |     8 |       ||     8
  Use: Potion            |       |     1 ||     1
Armor: Scale mail        |    38 |    74 ||   112
Dodge: Dodged            |    21 |    52 ||    73
Block: Buckler           |    17 |    28 ||    45

Levels and vault maps discovered:
D:1:      grunt_arrival_crossed_arrows, layout_loops_corners
D:2:      layout_loops_ring
D:3:      layout_loops_ring, shapermc_ecumenical_altar_mp_vishouse,
          hangedman_decor_clover_reticule, minmay_joined_circles, uniq_robin,
          uniq_terence

Notes
Turn   | Place    | Note
-------+----------+-------------------------------------------
     0 | D:1      | sanka the Palentonga Fighter began the quest for the Orb.
     0 | D:1      | Reached XP level 1. HP: 19/19 MP: 1/1
   311 | D:1      | Reached XP level 2. HP: 9/25 MP: 2/2
   824 | D:1      | Reached skill level 3 in Long Blades
  1140 | D:2      | Reached XP level 3. HP: 24/31 MP: 3/3
  1577 | D:2      | Reached skill level 4 in Long Blades
  2060 | D:3      | Reached XP level 4. HP: 36/37 MP: 4/4
  2125 | D:3      | Noticed Robin
  2154 | D:2      | Killed Robin
  2324 | D:3      | Reached skill level 5 in Long Blades
  2324 | D:3      | HP: 3/37 [poisoned by an adder]
  2347 | D:3      | HP: 2/37 [poisoned by a kobold]
  2349 | D:2      | Succumbed to a kobold's poison

Vanquished Creatures
  Robin (D:2)
  3 gnolls (D:2)
  3 adders
  An orc (D:3)
  2 ball pythons
  5 bats
  5 endoplasms
  10 goblins
  3 hobgoblins
  4 jackals (D:1)
  4 kobolds
  3 quokkas
  3 frilled lizards
  2 rats (D:1)
49 creatures vanquished.
